← All builds
Suicide front / Armada / Factory first / OBSERVED BUILD

Standard suicide front

Armada Suicide front build order · Supreme Isthmus

The role's baseline: Bot Lab at 0:21 then straight into reclaim-fed T1 bot production to contest the middle and hold until T2 arrives, with an Advanced Metal Extractor around 9:45.

#rush · 2057 distinct matches · 236 players · 72% of Armada Suicide front games · team won 59% of 2435 · Recently observed

HOW TO PLAY IT

Key timing: Bot Lab by 0:20

  1. Open with mex and lab-first to get Bot Lab up by 0:20.
  2. Expand mex and wind while lab pumps units toward middle.
  3. Push Sentry and early Rocketeer, Centurion to contest middle.
  4. Get T2 constructor out once Pond's boost lets you spare metal.
  5. Upgrade mex to Advanced Metal Extractor as you transition off T1 spam.

Phase by phase

TYPICAL OF ITS 2057 GAMES
  1. 1
  2. 2
  3. 3
PLAY THE OPENING

Follow the example game's first 6:00 step by step: what to build now, what comes next, and where it goes. At 1× it keeps pace with your own game.

  1. 1

    Bot Lab first

    Order
    1. Bot LabBot Lab done ~0:25, middle half 0:20–0:33

    Some games also: mex (44%)

  2. 2

    Bot Lab to 5:00

    Economy
    • Metal Extractor5Mex
    • Wind Turbine4Wind
    Builders
    • Construction Bot3 Con bot
    • Lazarus2 Lazarus
    Army
    • Sentry4 Sentry
    • Rocketeer16 Rocketeer
    • Tick2 Tick
    • Centurion1 Centurion
    Other
    • Radar Tower1 Radar Tower

    Some games also: pawn (37%) · con turret (34%)

    By 5:00 in all: 5 mex · 4 wind

    The example game in this phase · 31 steps
    1. LazarusLazarus
    2. Construction BotCon bot ×3
    3. LazarusLazarus
    4. CenturionCenturion
    5. Mex
    6. TickTick
    7. RocketeerRocketeer ×2
    8. Mex
    9. RocketeerRocketeer
    10. LazarusLazarus
    11. RocketeerRocketeer
    12. SentrySentry
    13. RocketeerRocketeer
    14. SentrySentry
    15. RocketeerRocketeer
    16. LazarusLazarus
    17. SentrySentry
    18. RocketeerRocketeer
    19. Dragon's TeethDragon's Teeth ×2
    20. RocketeerRocketeer
    21. Dragon's TeethDragon's Teeth ×2
    22. RocketeerRocketeer
    23. Dragon's TeethDragon's Teeth
    24. SentrySentry
    25. LazarusLazarus
    26. RocketeerRocketeer ×3
    27. LazarusLazarus
    28. RocketeerRocketeer ×3
    29. LazarusLazarus
    30. RocketeerRocketeer ×3
    31. CenturionCenturion
  3. 3

    5:00 to 10:00

    Economy
    • Metal Extractor1Mex
    • Wind Turbine15Wind
    Builders
    • Construction Turret2 Con turret
    • Lazarus2 Lazarus
    • Construction Bot1 Con bot
    Army
    • Sentry1 Sentry
    • Rocketeer8 Rocketeer

    Some games also: pawn (49%) · Radar Tower (46%) · tick (44%) · centurion (44%) · energy storage (42%) · eat Bot Lab (31%)

    By 10:00 in all: 6 mex · 21 wind · 1 energy storage · 2 con turret

    The example game in this phase · 125 steps
    1. RocketeerRocketeer
    2. LazarusLazarus
    3. Radar TowerRadar Tower
    4. Mex
    5. RocketeerRocketeer
    6. LazarusLazarus
    7. Construction BotCon bot ×2
    8. LazarusLazarus ×2
    9. PawnPawn ×12
    10. Wind
    11. Construction BotCon bot
    12. Wind
    13. PawnPawn
    14. Construction BotCon bot
    15. Wind ×2
    16. PawnPawn
    17. Advanced Metal ExtractorT2 mexdone 9:58 · typical 9:46
    18. PawnPawn
    19. Wind ×5
    20. PawnPawn
    21. Energy storage
    22. Wind
    23. LazarusLazarus
    24. Wind
    25. Bot LabEat Bot Labreclaimed for its metal
    26. Wind ×2
    27. Con turret
    28. Wind
    29. Advanced Metal ExtractorT2 mex
    30. Wind ×2
    31. Con turret
    32. Wind ×2
    33. Advanced Metal ExtractorT2 mex
    34. Wind ×7
    35. Vehicle PlantVehicle Plantdone 12:08
    36. Wind ×2
    37. Advanced Metal ExtractorT2 mex
    38. Wind
    39. BlitzBlitz
    40. Wind ×2
    41. Bot LabBot Labdone 12:32
    42. Wind
    43. BlitzBlitz
    44. Wind
    45. LazarusLazarus
    46. Wind
    47. BlitzBlitz
    48. LazarusLazarus
    49. Wind
    50. BlitzBlitz
    51. LazarusLazarus
    52. BlitzBlitz
    53. Wind
    54. PawnPawn
    55. Wind
    56. BlitzBlitz
    57. PawnPawn
    58. Wind
    59. BlitzBlitz
    60. PawnPawn
    61. BlitzBlitz
    62. PawnPawn
    63. Wind ×2
    64. BlitzBlitz
    65. Advanced Metal ExtractorT2 mex
    66. PawnPawn
    67. Wind
    68. Con turret
    69. BlitzBlitz
    70. PawnPawn
    71. Con turret
    72. BlitzBlitz
    73. PawnPawn
    74. Con turret
    75. Wind
    76. BlitzBlitz
    77. PawnPawn
    78. Wind ×3
    79. BlitzBlitz
    80. Wind
    81. PawnPawn
    82. Wind ×2
    83. BlitzBlitz
    84. PawnPawn
    85. Wind
    86. BlitzBlitz
    87. PawnPawn
    88. Wind ×2
    89. BlitzBlitz
    90. PawnPawn
    91. Wind ×2
    92. PawnPawn
    93. Wind
    94. BlitzBlitz
    95. PawnPawn
    96. BlitzBlitz
    97. Wind
    98. PawnPawn
    99. Wind
    100. BlitzBlitz
    101. ParalyzerParalyzernot finished by 15:00
    102. PawnPawn
    103. Wind
    104. BlitzBlitz
    105. PawnPawn
    106. BlitzBlitz
    107. Wind
    108. PawnPawn
    109. BlitzBlitz
    110. PawnPawn
    111. BlitzBlitz
    112. Wind
    113. PawnPawn
    114. Wind
    115. BlitzBlitz
    116. PawnPawn
    117. Con turret
    118. BlitzBlitz
    119. Con turret
    120. PawnPawn
    121. BlitzBlitz
    122. Wind
    123. LazarusLazarus
    124. Wind
    125. BlitzBlitz

Counts are medians over the build's games: half of them build more, half fewer. The example game is Nutzz's (40 OS, 13/10/2026); pick another.

Team trades

IN AT LEAST 30% OF ITS GAMES

You hand over

Nothing regular.

You get

  • Tidal Generator4 Tidal from Pondfirst at 0:11 · in 68% of games
  • Advanced Construction Bot1 T2 con bot from Geo or Techfirst at 7:41 · in 57% of games

How it plays out

Typical game of this build, running totals by minute

Metal produced

010k20k
0:005:0010:0015:00

metal

Enemy metal destroyed

05k10k
0:005:0010:0015:00

metal

Own metal lost

05k10k
0:005:0010:0015:00

metal

2435 games.

Show as table
ByMetal produced: This buildEnemy metal destroyed: This buildOwn metal lost: This build
1:0023000
2:0088600
3:002007185130
4:003109643501
5:0041851352996
6:00535021831706
7:00654530602588
8:00775739373496
9:00903546934370
10:001040253145146
11:001188658585952
12:001357264076663
13:001539768757432
14:001729875038209
15:001926981248981
WHAT THE NUMBERS SAY

Standard Suicide front play wins a bit over half its games while taking the heaviest own losses of any role by 15:00.

  • + Produces 20142 metal by 15:00, highest of the front roles.
  • + First kill by 2:01 in all games, fastest contest of middle.
  • − Own metal lost hits 9178 by 15:00, more than enemy metal destroyed.
  • − Only 34% Rocketeer share shows army spread thin across many bot types.
THE EXAMPLE YOU ARE READING

Nutzz

40.0 OS · 13/10/2026

Open source match ↗

5 received units · includes a constructor
74 metal received · 9121 energy received

Allied construction assistance is unknown. Timings are observations, not a promise of solo reproducibility.

Typical milestones

Bot Lab0:25Middle 50%: 0:20–0:33 · n=2427
Advanced Metal Extractor9:46Middle 50%: 8:50–10:59 · n=1759

Played most by

_X_265games of this buildPlatinumBlonde188games of this buildXad165games of this buildTrapCaT110games of this buildImmort80games of this build